Match 45861152
Unlisted

Match 45861152
End
Pioneer Squad
Pioneer Squad
Selects Breakthrough Battlegroup
Selects Assault Grenadiers
Pioneer Squad
Pioneer Squad
Pioneer Squad
Construct Infanterie Kompanie
MG 42 Machine Gun Team
Construct Luftwaffe Kompanie
Flak 30 Anti-aircraft Gun Team
Flak 30 Anti-aircraft Gun Team
Flak 30 Anti-aircraft Gun Team
Support Elements
Selects Rapid Production
Selects Smoke Bombing Run
Wirbelwind Flakpanzer
Jäger Squad
Medical Station
Selects Incendiary Bombing Run
MG 42 Machine Gun Team
Incendiary Bombing Run
Wirbelwind Flakpanzer
Selects Blitzkrieg
Incendiary Bombing Run
Wirbelwind Flakpanzer
Luftwaffe Officer Quarters
Incendiary Bombing Run
Kettenkrad Recon Vehicle
Marder III M Tank Destroyer
Incendiary Bombing Run
Marder III M Tank Destroyer
Kettenkrad Recon Vehicle
TWAS
FeriG
0
0

Comments sign in to comment!

No comments posted yet!